Map: Tritão LE

Players

LowLinK - Winner!

  • Race: Protoss Protoss
  • League: Platinum
  • Spawn Location: 11:00

VOD

Have the link to the VOD?

Description

Time

  • Played on: Feb. 15, 2020, 1:03 p.m.
  • Length: 10:47
Show
View Real Time Build Order
Export as new Build Order

LowLinK Protoss - Winner!

Build Orders:  

Get SALT Encoding   

  12  0:04  Probe (Chrono Boost)  
  14  0:21  Probe (Chrono Boost)  
  14  0:24  Pylon  
  14  0:37  Probe (Chrono Boost)  
  15  0:50  Probe (Chrono Boost), Gateway  
  16  1:02  Probe (Chrono Boost)  
  16  1:06  Assimilator  
  17  1:15  Probe (Chrono Boost)  
  18  1:26  Assimilator  
  19  1:32  Probe (Chrono Boost)  
  19  1:48  Pylon  
  19  1:49  Probe (Chrono Boost)  
  20  1:57  Cybernetics Core  
  20  2:06  Probe (Chrono Boost)  
  21  2:23  Probe (Chrono Boost)  
  17  2:40  Probe (Chrono Boost)  
  23  2:45  Pylon  
  25  3:18  Twilight Council  
  25  3:27  Pylon  
  25  3:30  Gateway  
  25  3:42  Gateway, Unknown  
  25  3:45  Gateway  
  25  4:06  Warp Gate (Chrono Boost)  
  25  4:39  Dark Shrine  
  25  4:55  Gateway  
  25  5:10  Stalker x3  
  25  5:18  Stalker  
  33  5:30  Pylon  
  33  5:42  Charge (Chrono Boost)  
  33  5:45  Pylon  
  33  5:48  Zealot  
  33  5:49  Zealot x2  
  39  5:52  Sentry  
  41  6:20  Dark Templar  
  41  6:24  Zealot x2  
  41  6:29  Dark Templar  
  49  7:01  Stalker x2  
  49  7:03  Zealot  
  55  7:27  Dark Templar  
  52  8:00  Dark Templar  
  52  8:02  Zealot x3  
  54  8:56  Dark Templar  
  56  9:00  Zealot x3  
  62  9:10  Pylon  
  62  9:13  Pylon  
  62  9:16  Archon  
  62  10:07  Dark Templar x3  
  68  10:10  Zealot x2  
Tags
 
Add a new tag
Caveats
  • Supply blocks, unpowered buildings, or Contaminate may cause inaccurate times.
  • Supply counts are checked every 10 seconds.